[Event "1000GM Schev-G5 April 2024"]
[Site "Santa Clara"]
[Date "2024.04.22"]
[Round "5.5"]
[White "Pulijala, Akshaj"]
[Black "Garduno Huerta, Joshua Emiliano"]
[Result "1/2-1/2"]
[ECO "D00"]
[WhiteElo "1833"]
[BlackElo "1962"]
[Annotator "TA"]
[PlyCount "76"]
[EventDate "2024.03.06"]
[EventType "schev"]
[EventCountry "USA"]
[SourceTitle "playchess.com"]
[Source "ChessBase"]
[SourceQuality "1"]
[TimeControl "5400+30"]

1. d4 d5 2. Nc3 Nf6 3. Bf4 Bf5 4. f3 e6 5. g4 Bg6 6. h4 {[%emt 0:00:02] h5 would now be deadly.} h6 7. e3 Bd6 8. Nge2 {[%emt 0:04:55] The position is equal.} a6 (8... Nc6 $11) 9. Bxd6 Qxd6 10. Nf4 Nbd7 11. Qd2 b5 (11... O-O-O $11) 12. Nxg6 $16 fxg6 13. Bd3 Kf7 14. O-O-O Nb6 (14... c5 $14) 15. g5 (15. e4 $16 {aiming for e5.} dxe4 16. Nxe4 (16. Bxe4 $2 Nc4 $19) 16... Nxe4 17. Bxe4 (17. fxe4 Ke7 $14)) 15... hxg5 $1 $14 16. Rdg1 (16. hxg5 Nfd7 $16) 16... Nc4 (16... Rxh4 $14 17. Bxg6+ Ke7) 17. Qg2 (17. Bxc4 $16 bxc4 18. Rxg5 (18. hxg5 Nh5 $16)) 17... g4 (17... Nxb2 $1 $11 18. Kxb2 Qb4+ 19. Kc1 Qxc3) 18. Nd1 $16 (18. fxg4 $6 Nxb2 19. Kxb2 Qb4+ 20. Kc1 (20. Ka1 Qxc3+ 21. Kb1 Qb4+ 22. Ka1 Raf8 $11) 20... Qxc3 $11) 18... e5 19. fxg4 e4 20. Bxc4 bxc4 21. Rf1 (21. g5 Nh5 $11) 21... Ke7 {[%emt 0:00:00] [#]} 22. h5 $1 Qe6 (22... Nd7 $142) (22... Raf8 23. Nc3) 23. Rhg1 ({Don't do} 23. hxg6 Rxh1 24. Rxh1 Qxg4 $14) (23. Nc3 $142) 23... Qd6 24. Rf4 (24. hxg6 Rh2 25. Qg3 Qxg3 26. Rxg3 Rf8 $18) (24. Nc3 $16) 24... Raf8 $14 25. Rgf1 Nh7 ({Don't play} 25... gxh5 26. gxh5 Rf7 27. Rh4 $16) (25... Nd7 $14) 26. hxg6 $16 Ng5 27. Nc3 {[%emt 0:00:00] Some like it hot} ({White should try} 27. Rxf8 $16 Rxf8 28. Rxf8 Kxf8 29. Qd2) 27... c6 (27... Rxf4 $11 28. Rxf4 c6) 28. Rf5 (28. Rxf8 $14 Rxf8 29. Rxf8 Kxf8 30. Qh1 Qxg6 31. Qh8+ Ke7 32. Qc8) 28... Nf3 $11 {[%emt 0:00:00] ...Rh2 is the strong threat.} 29. Rh1 ({Better is} 29. Rh5 $11) 29... Qxg6 (29... Rxh1+ $1 $15 30. Qxh1 Rxf5 31. gxf5 Qg3) 30. Rxh8 Rxh8 31. Qg3 Qd6 $40 {[%emt 0:00:00][%mdl 128] Black has some attack.} 32. Rf7+ $1 Ke6 $1 33. Qxd6+ Kxd6 34. Rxg7 {KRN-KRN} Rh1+ 35. Nd1 {[#]} Nxd4 $1 36. exd4 {[%emt 0:01:30] Threatens to win with Kd2.} e3 37. Rg6+ Kd7 $1 {[%emt 0:01:00] ( -> ...e2)} 38. Rg8 $2 (38. Rg7+ $11 Kd6 39. Rg6+ Kd7 40. Rg7+ Kd6) 38... Ke7 $4 {[%emt 0:00:30][%mdl 40960] Weighted Error Value: White=0.39/Black=0.24 (precise) .  Loses game:     	White=1     	---        Missed win:     	---       	Black=1      Mistake:       	White=7     	Black=9      Inaccurate:     	White=2     	Black=1      OK:         	White=10    	Black=9      Best:        	White=5     	Black=1      Strong:       	White=1     	Black=3     . An unexpected result.} (38... e2 39. Rg7+ Ke8 40. b3 c3 (40... exd1=R+ $2 41. Kb2 $19) (40... exd1=N $2 41. bxc4 dxc4 42. Kd2 $19) (40... exd1=B $2 41. Kd2 $19) 41. Rg8+ Kf7 42. Rf8+ Kxf8 43. g5 exd1=Q#) 1/2-1/2